 Dungeon Crawl Stone Soup version 0.32-a0-841-g4648e6c457 (webtiles) character file.

Game seed: 13252381821327285373

282 Shayle the Ducker (level 6, -3/41 HPs)
             Began as a Coglin Alchemist on Mar 26, 2024.
             Was an Initiate of Beogh.
             Slain by Grinder (6 damage)
             ... while paralysed by Grinder
             ... on level 4 of the Dungeon.
             The game lasted 00:10:48 (3628 turns).

Shayle the Ducker (Coglin Alchemist)                Turns: 3628, Time: 00:10:49

Health: -3/41      AC:  3    Str:  9    XL:     6   Next: 28%
Magic:  8/8        EV:  2    Int: 14    God:    Beogh [......]
Gold:   192        SH:  0    Dex: 16    Spells: 7/8 levels left

rFire   . . .        d - +0 dagger {Myungok}
rCold   . . .        c - +2 dagger (elec) {Suphaphon}
rNeg    . . .        a - +0 robe
rPois   .            j - +0 helmet
rElec   .            (no cloak)
rCorr   .            (no gloves)
SInv    .            (no boots)
Will    .....        (amulet unavailable)
Stlth   ++           (ring unavailable)
HPRegen 0.26/turn    (ring unavailable)
MPRegen 0.11/turn    (no gizmo)

%: no passive effects
@: paralysed
A: off-hand wielding, slow wielding, warmup strikes, no jewellery
a: Invent Gizmo, Renounce Religion


You were on level 4 of the Dungeon.
You worshipped Beogh.
Beogh was noncommittal.
You visited 1 branch of the dungeon, and saw 4 of its levels.

You collected 192 gold pieces.

Inventory:

Hand Weapons
 c - a +2 dagger of electrocution (offhand) {Suphaphon}
 d - a +0 dagger (weapon) {Myungok}
 i - a +1 spear of freezing {Sextus}
 k - a +0 dagger of speed
Missiles
 n - a throwing net
Armour
 a - a +0 robe (worn)
 e - the +0 chain mail of Undesirable Species {rElec rN+ Will- Int+3}
   (You took it off a kobold on level 2 of the Dungeon)

   Int+3:     It affects your intelligence (+3).
   rElec:     It insulates you from electricity.
   rN+:       It protects you from negative energy.
   Will-:     It decreases your willpower.
 j - a +0 helmet (worn)
 q - the +5 ring mail of Bitterness {rPois rF- Regen+ SInv}
   (You found it on level 3 of the Dungeon)

   rF-:       It makes you vulnerable to fire.
   rPois:     It protects you from poison.
   SInv:      It lets you see invisible.
   Regen+:    It increases your rate of health regeneration.
Scrolls
 h - 2 scrolls of immolation
 l - a scroll of teleportation
Potions
 b - a potion of magic
 f - 4 potions of curing


   Skills:
 + Level 5.9 Dodging
 - Level 1.5 Stealth
 - Level 1.7 Spellcasting
 - Level 0.8 Conjurations
 - Level 3.2 Alchemy


You had 7 spell levels left.
You knew the following spells:

 Your Spells              Type           Power      Damage    Failure   Level
a - Sting                 Conj/Alch      28%        1d4       11%         1

Your spell library contained the following spells:

 Spells                   Type           Power      Damage    Failure   Level
 Mercury Vapours          Alch/Air       10%        N/A       19%         2
 Mephitic Cloud           Conj/Alch/Air  5%         N/A       38%         3
 Olgreb's Toxic Radiance  Alch           10%        N/A       54%         4
 Passwall                 Erth           1%         N/A       58%         3
 Volatile Blastmotes      Fire/Tloc      2%         2d10      58%         3
 Sticky Flame             Fire/Alch      5%         2d4       77%         4
 Bombard                  Conj/Erth      1%         9d1       100%        6


Dungeon Overview and Level Annotations

Branches:
Dungeon (4/15)
 Temple: D:4-7

Altars:
Ashenzari
Cheibriados
Dithmenos
Uskayaw
Xom
The Shining One

Annotations:
D:4 Grinder


Innate Abilities, Weirdness & Mutations

You can wield a second weapon in your off-hand.
It takes a long time for you to wield or remove held weapons.
Your first few attacks do less damage.
You cannot equip rings or amulets.


Message History

You hit the bombardier beetle with your +2 dagger of electrocution.
The bombardier beetle is almost dead.
You hit the bombardier beetle but do no damage.
You hit the bombardier beetle but do no damage.
Lightning courses through the bombardier beetle!
You kill the bombardier beetle!
Beogh accepts your kill.
You now have 192 gold pieces (gained 14).
Grinder comes into view.
There is a stone staircase leading down here.
Grinder shouts!
Grinder gestures at you.
You suddenly lose the ability to move!
Grinder hits you.
You writhe in agony.
Grinder gestures at you. You resist with significant effort. Grinder hits you!
You writhe in agony.
You can move again.
Unknown command.
Grinder attacks as she pursues you! Grinder hits you.
You writhe in agony.
You see here a +0 ring mail.
There is a stone staircase leading up here.
You closely miss Grinder with your +2 dagger of electrocution.
You barely miss Grinder with your +0 dagger.
Grinder hits you.
* * * LOW HITPOINT WARNING * * *
You writhe in agony.
* * * LOW HITPOINT WARNING * * *
Unknown command.
You feel better. Grinder gestures at you.
You suddenly lose the ability to move!
Grinder gestures at you. Pain shoots through your body!
* * * LOW HITPOINT WARNING * * *
Grinder hits you!
* * * LOW HITPOINT WARNING * * *
You writhe in agony.
You die...
Grinder sighs, "Dead already?
I want a refund."

.. ## #.. ..#
#.##########.###
##.....#........#
##.............#.##
#.................#
#...............#
#........(@5....#
#...............#
#..............>#
..#.............##
##.....#.....##
#############


You could see Grinder.

Vanquished Creatures
  3 bombardier beetles
  3 gnolls (D:2)
  8 adders
  2 dart slugs
  3 ribbon worms
  2 orcs (D:3)
  6 endoplasms
  A giant cockroach (D:2)
  6 hobgoblins (D:2)
  10 jackals
  4 quokkas
  8 ball pythons
  4 bats
  A frilled lizard (D:3)
  6 goblins
  5 kobolds
  7 rats
79 creatures vanquished.

Vanquished Creatures (others)
  An orc (D:4)
1 creature vanquished.

Grand Total: 80 creatures vanquished

Notes
Turn   | Place    | Note
-------+----------+-------------------------------------------
     0 | D:1      | Shayle the Coglin Alchemist began the quest for the Orb.
     0 | D:1      | Reached XP level 1. HP: 13/13 MP: 3/3
   104 | D:1      | Found a faded altar of an unknown god.
   111 | D:1      | Reached skill level 2 in Dodging
   224 | D:1      | Reached XP level 2. HP: 12/19 MP: 1/4
   730 | D:2      | Reached skill level 3 in Dodging
   730 | D:2      | Reached XP level 3. HP: 18/24 MP: 5/5
   797 | D:2      | Found a shadowy altar of Dithmenos.
  1380 | D:2      | Reached XP level 4. HP: 27/30 MP: 6/6
  1408 | D:2      | Identified the +0 chain mail of Undesirable Species {rElec
                  | rN+ Will- Int+3}
  1431 | D:2      | Reached skill level 4 in Dodging
  1584 | D:2      | Reached XP level 5. HP: 9/35 MP: 5/7
  2160 | D:3      | Found a hide-covered altar of Uskayaw.
  2693 | D:3      | Reached skill level 5 in Dodging
  2841 | D:3      | Identified the +5 ring mail of Bitterness {rPois rF- Regen+
                  | SInv}
  2958 | D:3      | Found a glowing golden altar of the Shining One.
  2963 | D:3      | Found a broken altar of Ashenzari.
  2970 | D:3      | Found a snail-covered altar of Cheibriados.
  2981 | D:3      | Found a shimmering altar of Xom.
  3107 | D:3      | Reached XP level 6. HP: 19/41 MP: 8/8
  3110 | D:3      | HP: 1/41 [burnt (6)]
  3500 | D:4      | Became a worshipper of Beogh the Shepherd
  3615 | D:4      | Noticed Grinder
  3618 | D:4      | Paralysed by Grinder for 5 turns
  3626 | D:4      | Paralysed by Grinder for 3 turns
  3628 | D:4      | Slain by Grinder

Illustrated notes

Levels and vault maps discovered:
D:1:      elethiomel_arrival_shortcut, layout_rooms,
          shapermc_ecumenical_altar_gd
D:2:      minmay_diamond_boxcup, layout_basic, serial_curves, eino_curves_04,
          eino_curves_03, eino_curves_03, basic_altar, minmay_hexomino_c4
D:3:      layout_loops_ring, mainiacjoe_overflow_concentric_impassable,
          grunt_temple_overflow_cloverleaf, corexii_shack,
          minmay_tree_intersection
D:4:      layout_rooms, zin_treasury, kennysheep_flooded_box,
          nicolae_shop_gadgets, uniq_menkaure, uniq_grinder

Skill      XL: |  1  2  3  4  5 |
---------------+----------------+-----
Dodging        | 2 3 4 5 |  5.9
Stealth        | |  1.5
Spellcasting   | |  1.7
Conjurations   | |  0.8
Alchemy        | |  3.2

Action                     |  1- 3 |  4- 6 || total
---------------------------+-------+-------++-------
  Melee: Dagger            |    68 |   159 ||   227
         Spear             |    55 |   154 ||   209
   Cast: Sting             |    24 |    16 ||    40
 Invoke: Convert to Beogh  |       |     1 ||     1
    Use: Potion            |       |     4 ||     4
         Scroll            |       |     8 ||     8
   Stab: Sleeping          |     6 |     2 ||     8
 Armour: Robe              |    40 |    73 ||   113
         Skin              |       |    28 ||    28
  Dodge: Dodged            |    43 |   114 ||   157

Table legend: (Time is in decaauts)
 A = Elapsed time spent in this place.
 B = Non-inter-level travel time spent in this place.
 C = Inter-level travel time spent in this place.
 D = Time resting spent in this place.
 E = Time spent auto-exploring this place.
 F = Levels seen in this place.
 G = Mean time per level.
                   A        B        C        D        E       F      G
               +--------+--------+--------+--------+--------+-----+--------+
         Total |   3639 |   3567 |     72 |    716 |   1894 |   4 |  909.8 |
       Dungeon |   3639 |   3567 |     72 |    716 |   1894 |   4 |  909.8 |
               +--------+--------+--------+--------+--------+-----+--------+

Top non-repeatable levels by time:
     D:3: 1416 daAuts
     D:2: 1410 daAuts
     D:1: 683 daAuts
     D:4: 129 daAuts
